AoeStats
← 联通专业户

Baltic

510530884Analyzed
4v4 RM · 8h ago on Oct 1, 2026· 76m 18s· 8 players
Game mode
Random Map
Map size
Large (8 player)
Population
200
Speed
Normal
Resources
Standard
Victory
Conquest
Starting age
Dark Age
Ending age
Imperial Age
RankedLock teamsTeams togetherTeam positionsShared explorationLock speedFull tech treeHidden civsTurbo modeCheats
Victory
Defeat
🇨🇳 Franks · China
1053
+16
🇨🇳 Britons · China
1033
+17
🇨🇳 Koreans · China
990
+19
🇨🇳 Huns · China
958
+20
🇧🇷 Spanish · Brazil
1090
-20
🇭🇰 Vikings · Hong Kong SAR China
1081
-19
🇧🇷 Cumans · Brazil
1034
-17
🇨🇳 Chinese · China
1004
-16
Paolo Carrosel
7:38 Loom
9:11 Loom
9:19 Loom
12:16 Feudal Age
13:19 Double-Bit Axe
16:56 Castle Age
19:23 Fishing Lines
20:01 Bow Saw
21:26 Wheelbarrow
21:33 Gillnets
26:41 Hand Cart
28:18 Gold Mining
31:39 Imperial Age
34:06 Town Watch
33:46 Elite Conquistador
34:54 Scale Barding Armor
34:59 Forging
34:57 Stone Mining
40:23 Chain Barding Armor
40:38 Iron Casting
41:07 Chemistry
40:27 Ballistics
40:03 Murder Holes
41:17 Conscription
42:17 Husbandry
42:27 Bloodlines
42:52 Bombard Tower
42:47 Masonry
43:51 Plate Barding Armor
44:16 Blast Furnace
42:55 Cavalier
42:58 Light Cavalry
43:48 Hussar
45:43 Fletching
45:53 Padded Archer Armor
48:42 Town Patrol
49:51 Two-Man Saw
xX_Miliano_Xx
0:29 Loom
19:50 Feudal Age
20:18 Horse Collar
20:26 Double-Bit Axe
27:44 Wheelbarrow
28:13 Fletching
28:23 Padded Archer Armor
28:24 Scale Mail Armor
30:30 Gold Mining
39:49 Castle Age
38:46 Bloodlines
38:50 Scale Barding Armor
40:59 Heavy Plow
40:41 Crossbowman
42:04 Capped Ram
42:26 Elite Skirmisher
44:44 Bodkin Arrow
45:04 Leather Archer Armor
46:19 Hand Cart
46:19 Bow Saw
46:37 Chain Barding Armor
46:28 Forging
46:28 Thumb Ring
49:28 Light Cavalry
不知者
10:51 Feudal Age
11:56 Double-Bit Axe
14:00 Loom
15:03 Fishing Lines
19:20 Castle Age
18:41 Gold Mining
20:06 Fletching
21:27 Bow Saw
22:31 Gillnets
23:31 Bodkin Arrow
28:05 Imperial Age
25:25 Treadmill Crane
31:13 Chemistry
30:16 Bracer
30:52 Bogsveigar
31:10 Crossbowman
31:50 Arbalester
35:01 Padded Archer Armor
36:17 Conscription
37:02 Gold Shaft Mining
37:39 Ballistics
37:25 Siege Engineers
40:40 Chieftains
41:00 Squires
41:09 Scale Mail Armor
41:19 Forging
41:02 Horse Collar
42:43 Chain Mail Armor
44:25 Plate Mail Armor
44:06 Forging
46:17 Forging
46:12 Heavy Plow
45:35 Elite Varangian Guard
47:06 Town Watch
47:17 Stone Mining
48:29 Two-Man Saw
47:53 Town Patrol
48:56 Pikeman
50:19 Iron Casting
49:58 Masonry
联通专业户
0:27 Loom
11:45 Feudal Age
13:49 Double-Bit Axe
16:12 Castle Age
15:37 Gold Mining
17:54 Wheelbarrow
17:49 Bow Saw
17:55 Medium Warships
19:31 Horse Collar
21:23 Forging
23:17 Hand Cart
25:23 Stone Mining
26:08 Gold Shaft Mining
25:24 Stone Mining
26:11 Gold Shaft Mining
28:26 Iron Casting
27:42 Fletching
30:39 Fletching
33:22 Imperial Age
30:29 Pikeman
32:10 Ballistics
32:31 Bodkin Arrow
32:37 Padded Archer Armor
32:38 Scale Mail Armor
32:58 Town Watch
35:11 Two-Man Saw
34:57 Heavy Warships
34:58 Town Patrol
35:01 Bracer
35:17 Leather Archer Armor
35:18 Chain Mail Armor
36:06 Chemistry
35:17 Careening
35:21 Fortified Wall
37:02 Clinker Construction
37:13 Shipwright
37:06 Husbandry
37:16 Bloodlines
36:27 Cavalier
39:15 Ring Archer Armor
39:45 Blast Furnace
38:51 Scale Barding Armor
39:09 Caravan
42:22 Rocketry
42:23 Conscription
48:16 Plate Mail Armor
48:07 Chain Barding Armor
48:12 Dry Dock
47:45 Heated Shot
48:23 Elite Chu Ko Nu
51:51 Elite Skirmisher
52:37 Thumb Ring
57:56 Halberdier
58:37 Squires
lunb829195
0:34 Loom
12:34 Feudal Age
13:26 Town Watch
13:31 Double-Bit Axe
20:13 Castle Age
19:20 Stone Mining
19:49 Gold Mining
22:25 Husbandry
25:34 Scale Barding Armor
25:40 Forging
29:41 Wheelbarrow
33:53 Imperial Age
31:48 Bow Saw
33:28 Chain Barding Armor
33:33 Hand Cart
32:43 Elite Skirmisher
34:15 Padded Archer Armor
34:05 Fletching
35:27 Leather Archer Armor
35:50 Plate Barding Armor
36:44 Gold Shaft Mining
37:15 Chemistry
36:36 Ballistics
37:41 Masonry
37:15 Treadmill Crane
40:00 Bodkin Arrow
40:41 Iron Casting
42:48 Conscription
46:43 Pikeman
47:24 Squires
47:09 Arson
47:10 Gambesons
47:29 Scale Mail Armor
48:30 Blast Furnace
48:03 Halberdier
50:46 Chain Mail Armor
50:47 Masonry
50:33 Murder Holes
50:43 Siege Engineers
50:50 Fortified Wall
53:46 Town Patrol
54:19 Plate Mail Armor
54:08 Ordonnance Companies
54:49 Chivalry
DazHkaka
13:54 Feudal Age
18:18 Castle Age
16:35 Double-Bit Axe
19:44 Medium Warships
25:20 Horse Collar
25:53 Fletching
26:04 Padded Archer Armor
31:36 Imperial Age
28:58 Gold Mining
29:22 Bow Saw
29:37 Bodkin Arrow
29:58 Leather Archer Armor
31:51 Yeomen
32:03 Ballistics
32:37 Gold Shaft Mining
31:26 Crossbowman
35:12 Chemistry
34:17 Bracer
34:47 Ring Archer Armor
34:23 Arbalester
37:47 Elite Longbowman
40:34 Pikeman
41:15 Squires
43:01 Forging
42:52 Scale Mail Armor
42:15 Halberdier
42:42 Arson
44:09 Light Cavalry
45:39 Heavy Plow
47:55 Iron Casting
47:36 Chain Mail Armor
47:38 Treadmill Crane
48:57 Gambesons
50:11 Wheelbarrow
49:47 Capped Ram
58:18 Caravan
60:35 Blast Furnace
59:41 Scale Barding Armor
62:09 Two-Man Saw
62:21 Chain Barding Armor
62:22 Hand Cart
61:53 Loom
62:16 Husbandry
64:59 Plate Barding Armor
64:32 Siege Engineers
65:23 Block Printing
65:57 Theocracy
66:34 Demolition Ship
69:34 Heavy Demolition Ship
74:39 Town Watch
opwo175712
1:04 Loom
12:19 Feudal Age
17:13 Castle Age
15:28 Horse Collar
15:39 Double-Bit Axe
17:27 Stone Mining
17:28 Gold Mining
21:27 Wheelbarrow
21:00 Heavy Plow
21:16 Bow Saw
32:40 Imperial Age
31:29 Scale Barding Armor
31:35 Forging
31:41 Husbandry
31:52 Bloodlines
32:17 Hand Cart
32:50 Gold Shaft Mining
33:09 Chain Barding Armor
33:16 Marauders
35:28 Conscription
37:30 Iron Casting
41:02 Plate Barding Armor
41:28 Blast Furnace
40:15 Elite Tarkan
49:08 Caravan
49:39 Coinage
49:19 Guilds
56:38 Banking
63:24 Padded Archer Armor
63:15 Fletching
74:40 Medium Warships
75:49 Medium Warships
76:03 Medium Warships
reev699169
7:54 Loom
12:10 Feudal Age
18:35 Castle Age
16:53 Double-Bit Axe
16:53 Horse Collar
18:39 Gold Mining
20:13 Fletching
20:25 Scale Mail Armor
24:17 Heavy Plow
28:01 Wheelbarrow
32:48 Stone Mining
33:34 Gold Shaft Mining
38:20 Imperial Age
37:53 Bow Saw
38:22 Stone Shaft Mining
38:34 Medium Warships
38:45 Elite Turtle Ship
40:54 Chemistry
41:23 Eupseong
41:44 Conscription
42:34 Hand Cart
42:53 Ballistics
42:39 Bodkin Arrow
51:03 Arson
51:18 Squires
51:44 Chain Mail Armor
51:40 Forging
52:28 Shinkichon
52:11 Elite Fire Lancer
54:57 Plate Mail Armor
55:03 Iron Casting
54:30 Bracer
58:05 Pikeman
65:47 Elite Cannon Galleon
Connection lost

Rejoining the realm…

Still unreachable

The connection could not be restored.

Session expired

The server has moved on; the page needs a fresh start.